 Dungeon Crawl Stone Soup version 0.25.1-2-g60ff931df9 (webtiles) character file.

Game seed: 7805985895458986494

671 lepoulpe303 the Magician (level 7, -4/32 HPs)
             Began as a Spriggan Earth Elementalist on Aug 31, 2020.
             Slain by Edmund
             ... wielding a +2 dire flail of protection
              (6 damage)
             ... on level 5 of the Dungeon.
             The game lasted 00:15:04 (4444 turns).

lepoulpe303 the Magician (SpEE)                     Turns: 4444, Time: 00:15:05

Health: -4/32      AC:  2    Str:  4    XL:     7   Next: 32%
Magic:  10/16      EV: 20    Int: 19    God:
Gold:   265        SH:  0    Dex: 16    Spells: 3/17 levels left

rFire    . . .     SeeInvis +   a - +1 short sword (vamp)
rCold    . . .     Gourm    .   (shield restricted)
rNeg     . . .     Faith    .   c - +0 robe
rPois    .         Spirit   .   (helmet restricted)
rElec    .         Reflect  .   (no cloak)
rCorr    .         Harm     .   (gloves unavailable)
MR       +....                  (boots unavailable)
Stlth    +++.......             (no amulet)
HPRegen  0.10/turn              (no ring)
MPRegen  0.15/turn              (no ring)

@: very quick
A: very small, unfitting armour, see invisible, herbivore, speed 3, slow
metabolism 2
a: no special abilities


You were on level 5 of the Dungeon.
You were not hungry.

You visited 1 branch of the dungeon, and saw 5 of its levels.

You collected 265 gold pieces.

Inventory:

Hand Weapons
 a - a +1 vampiric short sword (weapon)
 b - a +1 falchion of holy wrath
Missiles
 l - 5 atropa-tipped darts
 z - 12 poisoned darts (quivered)
 Q - 64 stones
Armour
 c - a +0 robe (worn)
Jewellery
 f - an uncursed ring of magical power {unknown}
 q - a cursed ring of teleportation {unknown}
 r - a cursed ring of teleportation {unknown}
 u - an uncursed ring of wizardry {unknown}
 w - an uncursed amulet of guardian spirit {unknown}
Scrolls
 d - a scroll of blinking {unknown}
 g - 2 scrolls of remove curse {unknown}
 k - a scroll of amnesia {unknown}
 m - a scroll of enchant weapon
 n - a scroll of fog {unknown}
 t - a scroll of teleportation
 x - 2 scrolls of fear {unknown}
 y - a scroll of magic mapping {unknown}
Potions
 h - 4 potions of might {unknown}
 i - 2 potions of heal wounds {unknown}
 j - a potion of degeneration {unknown}
 o - 5 potions of curing {unknown}
 p - a potion of ambrosia {unknown}
 s - a potion of haste {unknown}
 v - a potion of magic {unknown}
Comestibles
 e - 7 rations


   Skills:
 + Level 2.5 Short Blades
 + Level 5.0 Dodging
 + Level 5.1 Stealth
 * Level 5.5 Spellcasting
 * Level 3.3 Hexes
 - Level 1.3 Transmutations
 * Level 4.5 Earth Magic


You had 3 spell levels left.
You knew the following spells:

 Your Spells              Type           Power        Failure   Level  Hunger
a - Sandblast             Erth           ###...       1%          1    None
c - Confusing Touch       Hex            ###.....     9%          3    ##.....
w - Passwall              Tmut/Erth      ###.....     5%          2    None
x - Stone Arrow           Conj/Erth      ##....       14%         3    ##.....
z - Lee's Rapid Deconstr  Erth           ###.......   45%         5    #####..

Your spell library contained the following spells:

 Spells                   Type           Power        Failure   Level  Hunger
 Gell's Gravitas          Tloc           #.........   34%         3    ##.....
 Petrify                  Tmut/Erth      ###.....     34%         4    ####...
 Yara's Violent Unravell  Hex/Tmut       ##........   77%         5    #####..
 Metabolic Englaciation   Hex/Ice        ##........   86%         5    #####..


Dungeon Overview and Level Annotations

Branches:
Dungeon (5/15)
 Temple: D:4-7

Altars:
Fedhas
Hepliaklqana
Nemelex Xobeh
Okawaru
Wu Jian

Annotations:
D:5 Edmund


Innate Abilities, Weirdness & Mutations

You are very small and have problems with some larger weapons.
You are too small for most types of armour.
You have supernaturally acute eyesight. (SInv)
You are a herbivore.
You cover ground extremely quickly.
You need to consume almost no food.


Message History

Q - 65 stones You now have 12/16 mp.
Edmund says, "You wouldn't believe how much I paid for this flail."
Aim: Edmund, wielding a +2 dire flail of protection and wearing a +0 chain mail (heavily wounded)
The blast of sand hits Edmund but does no damage.
Q - 64 stones You now have 11/16 mp.
There is a stone staircase leading up here.
The spell is quite dangerous to cast (9% risk of failure)!
Continue anyway?
Your hands begin to glow red.
You now have 9/16 mp.
You hit Edmund but do no damage. Edmund closely misses you.
You hit Edmund but do no damage.
Edmund appears confused.
Edmund hits you with a +2 dire flail of protection!
* * * LOW HITPOINT WARNING * * *
You take 10 damage, and have 2/32 hp.
MASSIVE DAMAGE!!
You hit Edmund but do no damage.
Edmund hits you with a +2 dire flail of protection.
You die...

#.#.#.#######..# ##.
#.#.#.##.......# #.
#.#.#.##.#####.# #.
#.....##.#####.######.
#.....................
#....#.#..#####.#####.
#......##.# #.#####.
##..@..##.# #.#.....
##<#@.##.#####.....#.
#.#..##.............
#@#..##..######...##
#.............†[..##
###..##.......)....#
#..##...######..##
#.....$.####..).?.
##.............###
####..........#


You could see Edmund (confused).

Levels and vault maps discovered:
D:1:      dpeg_arrival_solitude, layout_basic
D:2:      layout_rooms, minitemple, uniq_robin
D:3:      layout_basic, gammafunk_temple_overflow_elements, serial_bayou_pond_b
D:4:      layout_gridville, first_ration
D:5:      old_forge, layout_loops_ring, minmay_tree_intersection, uniq_edmund,
          uniq_pikel

Notes
Turn   | Place    | Note
-------+----------+-------------------------------------------
     0 | D:1      | lepoulpe303 the Spriggan Earth Elementalist began the quest
                  | for the Orb.
     0 | D:1      | Reached XP level 1. HP: 9/9 MP: 5/5
    14 | D:1      | Identified a +0 short sword (You found it on level 1 of the
                  | Dungeon)
   113 | D:1      | Identified a +0 club
   502 | D:1      | Reached skill level 3 in Spellcasting
   502 | D:1      | Reached XP level 2. HP: 12/13 MP: 2/7
   507 | D:1      | Learned a level 2 spell: Passwall
   687 | D:1      | Identified a +0 vampiric short sword
   738 | D:1      | Identified a cursed +0 dagger
   758 | D:1      | Reached skill level 3 in Earth Magic
  1003 | D:2      | Identified a cursed -3 club
  1004 | D:2      | Reached XP level 3. HP: 16/16 MP: 8/8
  1009 | D:2      | Learned a level 3 spell: Stone Arrow
  1011 | D:2      | Identified a cursed -2 dagger
  1029 | D:2      | Reached skill level 1 in Short Blades
  1140 | D:2      | Identified a cursed -2 club
  1179 | D:2      | Identified a +0 dagger
  1376 | D:2      | Reached XP level 4. HP: 21/21 MP: 6/10
  1432 | D:2      | Identified a +1 falchion of holy wrath
  1432 | D:2      | Identified a +1 animal skin
  1432 | D:2      | Identified a cursed +0 helmet
  1432 | D:2      | Noticed Robin
  1452 | D:2      | Identified a +0 dagger
  1453 | D:2      | Identified a +0 dagger
  1454 | D:2      | Identified a +0 club
  1454 | D:2      | Identified a cursed -3 hunting sling
  1471 | D:2      | Identified a +0 hunting sling
  1471 | D:2      | Identified a +0 ring mail
  1525 | D:2      | Identified a +0 mace
  1528 | D:2      | Identified a +1 dagger of freezing
  1579 | D:2      | Killed Robin
  1583 | D:2      | Reached skill level 4 in Spellcasting
  1748 | D:2      | Learned a level 3 spell: Confusing Touch
  1759 | D:2      | Identified a +0 club
  1760 | D:2      | Identified a +0 short sword
  1782 | D:2      | Found an iron altar of Okawaru.
  1786 | D:2      | Found a hazy altar of Hepliaklqana.
  1787 | D:2      | Found a sparkling altar of Nemelex Xobeh.
  1995 | D:3      | Identified a cursed -2 club
  2010 | D:3      | Identified 2 scrolls of teleportation
  2117 | D:3      | Identified a +0 dagger
  2121 | D:3      | Identified a cursed -2 whip
  2122 | D:3      | Identified a +0 leather armour
  2122 | D:3      | Identified a +0 dagger
  2122 | D:3      | Identified a +0 ring mail
  2129 | D:3      | Identified a cursed -3 club
  2171 | D:3      | Reached skill level 4 in Dodging
  2213 | D:3      | Identified a +0 club
  2356 | D:3      | Found an ornate altar of the Wu Jian Council.
  2356 | D:3      | Found a blossoming altar of Fedhas.
  2372 | D:3      | Identified a +0 club
  2372 | D:3      | Identified a +0 hunting sling
  2374 | D:3      | Identified a +0 club
  2375 | D:3      | Identified a cursed +0 club
  2406 | D:3      | Reached XP level 5. HP: 14/24 MP: 10/12
  2407 | D:3      | HP: 2/24 [worm (12)]
  3083 | D:4      | Reached skill level 4 in Stealth
  3083 | D:4      | Reached skill level 1 in Hexes
  3094 | D:4      | Identified 2 scrolls of enchant weapon
  3097 | D:4      | Identified a +0 flail
  3101 | D:4      | Identified a +0 falchion
  3101 | D:4      | Identified a +1 chain mail of positive energy
  3103 | D:4      | Identified a +0 dagger
  3103 | D:4      | Identified a +0 robe
  3249 | D:4      | Reached XP level 6. HP: 27/28 MP: 9/13
  3256 | D:4      | Learned a level 5 spell: Lee's Rapid Deconstruction
  3261 | D:4      | Noticed a hippogriff
  3283 | D:4      | Reached skill level 2 in Hexes
  3304 | D:4      | Killed a hippogriff
  3304 | D:4      | Reached skill level 2 in Short Blades
  3304 | D:4      | Reached skill level 5 in Spellcasting
  3304 | D:4      | Reached skill level 4 in Earth Magic
  3516 | D:4      | Identified a +0 whip
  3516 | D:4      | Identified a cursed +0 leather armour
  3522 | D:4      | Identified a +0 dagger
  3522 | D:4      | Identified a +0 robe
  3522 | D:4      | Identified a +0 falchion
  3522 | D:4      | Identified a +0 flail
  3523 | D:4      | Identified a +0 hand axe
  3524 | D:4      | Identified a +0 short sword
  3535 | D:4      | Reached skill level 3 in Hexes
  3535 | D:4      | Reached XP level 7. HP: 27/32 MP: 9/15
  3547 | D:4      | Identified a +0 dagger
  3547 | D:4      | Identified a +0 robe
  3548 | D:4      | Identified a +0 leather armour
  3548 | D:4      | Identified a +0 vorpal hand axe
  4015 | D:5      | Entered Level 5 of the Dungeon
  4030 | D:5      | Reached skill level 5 in Stealth
  4131 | D:5      | Reached skill level 5 in Dodging
  4350 | D:5      | Identified a +0 dagger
  4350 | D:5      | Identified a +0 leather armour
  4350 | D:5      | Identified a +0 mace
  4351 | D:5      | Identified a +0 leather armour
  4358 | D:5      | Identified a +2 dire flail of protection
  4358 | D:5      | Identified a +0 chain mail
  4358 | D:5      | Noticed Edmund
  4395 | D:5      | HP: 8/32 [Edmund/+2 dire flail of protection (9)]
  4400 | D:5      | HP: 4/32 [orc (4)]
  4443 | D:5      | HP: 2/32 [Edmund/+2 dire flail of protection (11)]
  4444 | D:5      | Slain by Edmund

Table legend:
 A = Turns spent in this place as a percentage of turns spent in the entire game.
 B = Non-inter-level travel turns spent in this place as a percentage of non-inter-level travel turns spent in the entire game.
 C = Inter-level travel turns spent in this place as a percentage of turns spent in this place.
 D = Turns resting spent in this place as a percentage of non-inter-level travel turns spent in this place.
 E = Turns spent auto-exploring this place as a percentage of non-inter-level travel turns spent in this place.
 F = Non-inter-level travel turns spent in this place divided by the number of levels of this place that you've seen.
                   A       B       C       D       E      F
               +-------+-------+-------+-------+-------+----------------------
         Total | 100.0 | 100.0 |   2.9 |  32.5 |  43.1 | 862.8
       Dungeon | 100.0 | 100.0 |   2.9 |  32.5 |  43.1 | 862.8
               +-------+-------+-------+-------+-------+----------------------

Table legend:
 A = Kills in this place as a percentage of kills in entire the game.
 B = Kills by you in this place as a percentage of kills by you in the entire game.
 C = Kills by friends in this place as a percentage of kills by friends in the entire game.
 D = Other kills in this place as a percentage of other kills in the entire game.
 E = Experience gained in this place as a percentage of experience gained in the entire game.
 F = Experience gained in this place divided by the number of levels of this place that you have seen.
                   A       B       C       D       E      F
               +-------+-------+-------+-------+-------+----------------------
         Total | 100.0 | 100.0 |   N/A |   N/A | 100.0 | 191.8
       Dungeon | 100.0 | 100.0 |   N/A |   N/A | 100.0 | 191.8
               +-------+-------+-------+-------+-------+----------------------

Skill      XL: |  1  2  3  4  5  6  7 |
---------------+----------------------+-----
Spellcasting   | 3 4 5 |  5.5
Earth Magic    | 3 4 |  4.5
Short Blades   | 1 2 |  2.5
Dodging        | 4 5 |  5.0
Stealth        | 4 5 |  5.1
Hexes          | 1 3 |  3.3
Transmutations | |  1.3

Action                   |  1- 3 |  4- 6 |  7- 9 || total
-------------------------+-------+-------+-------++-------
Melee: Short sword       |   113 |   197 |    64 ||   374
       Falchion          |       |       |     6 ||     6
 Cast: Sandblast         |    20 |    54 |    22 ||    96
       Confusing Touch   |       |       |     2 ||     2
  Use: Scroll            |       |     2 |       ||     2
 Stab: Sleeping          |     8 |     2 |     3 ||    13
       Distracted        |       |     1 |       ||     1
       Confused          |       |       |     1 ||     1
  Eat: Ration            |       |     1 |       ||     1
Armor: Robe              |    13 |    25 |     2 ||    40
Dodge: Dodged            |   117 |   199 |    55 ||   371
       Rpst.: Falchion   |       |       |     1 ||     1

Vanquished Creatures
  A hippogriff (D:4)
  A bullfrog (D:4)
  An orc priest (D:4)
  3 orc wizards (D:4)
  A bullfrog skeleton (D:5)
  3 worker ants
  A hound skeleton (D:4)
  Robin (D:2)
  5 adders
  A shadow imp (D:5)
  2 oozes
  2 worms
  3 dart slugs
  A leopard gecko (D:1)
  16 orcs
  8 bats
  6 giant cockroaches
  11 hobgoblins
  2 jackals (D:2)
  3 quokkas
  4 frilled lizards
  16 goblins
  6 kobolds
  A leopard gecko zombie (D:3)
  A quokka skeleton (D:4)
  9 rats
109 creatures vanquished.
